 Dungeon Crawl Stone Soup version 0.18.1-8-gdd0e5ea (webtiles) character file.

6157 DevlanMud the Basher (level 10, -2/107 HPs)
             Began as an Ogre Berserker on May 22, 2016.
             Was a High Priest of Trog.
             Slain by a spiny frog (9 damage)
             ... on level 1 of the Lair of Beasts.
             The game lasted 00:35:42 (10980 turns).

DevlanMud the Basher (Ogre Berserker)              Turns: 10980, Time: 00:35:44

Health: -2/107     AC:  5    Str: 24    XL:     10   Next: 90%
Magic:  10/10      EV: 13    Int:  7    God:    Trog [*****.]
Gold:   643        SH:  3    Dex: 14    Spells: 0 memorised, 9 levels left

rFire  + + .     SeeInvis +     D - +7 giant club of Wondrous Power {crush, rPois rF+ rN+ Dex+3}
rCold  . . .     Gourm    .     b - +1 animal skin
rNeg   + . .     Faith    .     (shield currently unavailable)
rPois  +         Spirit   .     (helmet restricted)
rElec  .         Dismiss  .     y - +0 cloak
rCorr  .         Reflect  +     (gloves unavailable)
SustAt .         Harm     .     (boots unavailable)
MR     +....                    r - +3 amulet of reflection
Stlth  ++........               d - ring of see invisible
                                i - ring of protection from fire

@: lethally poisoned (-2 -> -29), somewhat resistant to hostile enchantments,
unstealthy
A: unfitting armour, tough skin 1
a: Berserk, Trog's Hand, Brothers in Arms, Burn Spellbooks, Renounce Religion


You were on level 1 of the Lair of Beasts.
You worshipped Trog.
Trog was extremely pleased with you.
You were not hungry.

You visited 2 branches of the dungeon, and saw 10 of its levels.
You also visited: Ossuary.

You collected 643 gold pieces.

Inventory:

Hand Weapons
 D - the +7 giant club of Wondrous Power (weapon) {crush, rPois rF+ rN+ Dex+3}
   (Trog gifted it to you on level 6 of the Dungeon)

   It inflicts extra damage upon your enemies.
   It affects your dexterity (+3).
   It protects you from fire.
   It protects you from poison.
   It protects you from negative energy.
Missiles
 g - 303 stones
 j - 7 javelins (quivered)
 B - 4 tomahawks
 H - 2 throwing nets
Armour
 b - a +1 animal skin (worn)
 y - a +0 cloak (worn)
Jewellery
 d - a ring of see invisible (right hand)
 i - a ring of protection from fire (left hand)
 n - an uncursed ring of positive energy
 r - a +3 amulet of reflection (around neck)
Wands
 m - a wand of polymorph (17/24)
 p - a wand of digging (17/24)
 w - a wand of lightning (4/15)
 A - a wand of random effects (27/48)
 G - a wand of flame (40/48)
 I - a wand of flame (17/48)
Scrolls
 e - 4 scrolls of remove curse
 f - a scroll of enchant armour
 l - 4 scrolls of enchant weapon
 o - 2 scrolls of teleportation
 E - a scroll of blinking
Potions
 a - 2 potions of might
 q - a potion of cancellation
 s - a potion of agility
 t - a potion of lignification {unknown}
 u - a potion of cure mutation
 v - a potion of flight {unknown}
 z - 2 potions of magic
Books
 C - a book of Spatial Translocations

   Spells                             Type                      Level
   a - Apportation                    Translocation                1
   b - Blink                          Translocation                2
   c - Shroud of Golubria             Charms/Translocation         2
   d - Portal Projectile              Translocation                3
   e - Teleport Other                 Translocation                3
   f - Passage of Golubria            Translocation                4
   Trog disapproves of the use of such an item.
Comestibles
 c - 11 bread rations
 h - 4 meat rations
 k - 8 beef jerkies
 x - 2 chunks of flesh
 F - a slice of pizza


   Skills:
 + Level 9.0 Fighting
 * Level 13.6 Maces & Flails
 * Level 7.3 Throwing
 + Level 6.9 Dodging
 + Level 2.2 Stealth


You had 9 spell levels left.
You didn't know any spells.

Dungeon Overview and Level Annotations

Branches:
Dungeon (9/15)             Temple (0/1) D:6            Lair (1/8) D:8
    Orc: D:9-12

Altars:
Cheibriados
Dithmenos
Fedhas
Kikubaaqudgha
Makhleb
Qazlal
Vehumet
Xom
Zin


Innate Abilities, Weirdness & Mutations

You are too large for most types of armour.
You have tough skin (AC +1).


Message History

You kill the river rat!
Trog accepts your kill.
You hit the river rat.
The river rat is heavily wounded.
The spiny frog stings you!
The river rat bites you but does no damage.
You closely miss the spiny frog. The spiny frog stings you!!
You are poisoned.
The spiny frog poisons you! The river rat bites you.
You barely miss the spiny frog.
You feel sick. The spiny frog stings you!
* * * LOW HITPOINT WARNING * * *
You are lethally poisoned!
The spiny frog poisons you! The river rat closely misses you.
You hit the spiny frog but do no damage.
* * * LOW HITPOINT WARNING * * *
You feel very sick. The spiny frog stings you!!
* * * LOW HITPOINT WARNING * * *
The river rat barely misses you. The spiny frog stings you!
You die...

#.###P..#.#####.###
.......<..........#
##.#####.##.P###..#
# ###...# ####
##.## #..# ##.#
#####..####≈≈♣#
........@rr.≈≈≈♣
........#Fr..≈≈≈
........#?...≈≈≈
....>...#...P≈PP
........#...P≈♣≈
........###.♣≈♣
......... ...#
######. #.##


You could see a spiny frog and 3 river rats.

Vanquished Creatures
  The ghost of Xavori the Ducker, a novice DsCK of Xom (D:8)
  Pikel (D:4)
  A komodo dragon (Lair:1)
  A troll (D:8)
  A hungry ghost (D:8)
  A hippogriff (D:7)
  Menkaure (D:4)
  Duvessa (D:7)
  2 black bears
  An orc warrior (D:6)
  An ice beast (D:8)
  A slave (D:4)
  A phantom (D:4)
  2 sky beasts
  A centaur (D:6)
  5 ogres
  A necrophage (D:8)
  A big kobold (D:7)
  5 giant frogs
  Dowan (D:7)
  A wyvern skeleton (D:9)
  A scorpion (D:4)
  4 wights (D:5)
  5 howler monkeys
  5 crimson imps
  A jelly (D:8)
  2 giant frog zombies
  A centaur skeleton (D:6)
  3 hounds
  15 orc priests
  Ijyb (D:2)
  4 iguanas
  12 orc wizards
  Natasha (thrice) (D:3)
  9 worker ants
  A hound skeleton (D:9)
  8 mummies (Ossuary)
  A worker ant zombie (D:7)
  3 gnolls (D:7)
  7 adders
  2 river rats (Lair:1)
  A shadow imp (D:6)
  3 oozes
  2 worms (D:2)
  2 dart slugs
  5 giant geckos
  42 orcs
  7 giant cockroaches
  11 goblins
  10 hobgoblins
  12 jackals
  13 kobolds
  3 quokkas
  3 ball pythons
  A ball python skeleton (D:6)
  12 bats
  A giant gecko skeleton (D:4)
  5 giant newts
  3 hobgoblin zombies (Ossuary)
  A jackal zombie (D:6)
  3 kobold zombies (Ossuary)
  2 orc zombies (Ossuary)
  A quokka skeleton (D:8)
  10 rats
  A bush (D:1)
273 creatures vanquished.

Vanquished Creatures (others)
  A slave (D:4)
  A worm (D:4)
2 creatures vanquished.

Grand Total: 275 creatures vanquished

Notes
Turn   | Place    | Note
--------------------------------------------------------------
     0 | D:1      | DevlanMud the Ogre Berserker began the quest for the Orb.
     0 | D:1      | Reached XP level 1. HP: 24/24 MP: 1/1
    50 | D:1      | Reached XP level 2. HP: 24/32 MP: 2/2
   682 | D:1      | Reached XP level 3. HP: 39/40 MP: 3/3
   719 | D:1      | Reached skill level 1 in Throwing
   984 | D:1      | Reached skill level 5 in Maces & Flails
  1117 | D:1      | Reached ** piety under Trog
  1659 | D:2      | Reached XP level 4. HP: 49/49 MP: 4/4
  2419 | D:2      | Found a blossoming altar of Fedhas.
  2419 | D:2      | Found a radiant altar of Vehumet.
  2531 | D:3      | Noticed Ijyb
  2615 | D:2      | Killed Ijyb
  2615 | D:2      | Reached XP level 5. HP: 35/55 MP: 5/5
  3044 | D:3      | Reached skill level 5 in Fighting
  3049 | D:3      | Reached *** piety under Trog
  3338 | D:3      | Reached XP level 6. HP: 64/66 MP: 6/6
  3493 | D:3      | Noticed Natasha
  3504 | D:3      | Killed Natasha
  3504 | D:3      | Reached skill level 6 in Maces & Flails
  3702 | D:3      | Noticed Natasha
  3707 | D:3      | Killed Natasha
  3758 | D:3      | Found a burning altar of Makhleb.
  3759 | D:3      | Found a shimmering altar of Xom.
  3761 | D:3      | Found a snail-covered altar of Cheibriados.
  3959 | D:3      | Noticed Natasha
  3964 | D:3      | Killed Natasha
  4185 | D:4      | Found a sand-covered staircase.
  4190 | Ossuary  | Entered an ossuary
  4491 | Ossuary  | Reached XP level 7. HP: 72/72 MP: 7/7
  4929 | D:4      | Reached skill level 7 in Maces & Flails
  5203 | D:4      | Reached **** piety under Trog
  5326 | D:4      | Reached XP level 8. HP: 78/83 MP: 8/8
  5334 | D:4      | Noticed Menkaure
  5344 | D:4      | Killed Menkaure
  5344 | D:4      | Reached skill level 8 in Maces & Flails
  5689 | D:4      | Noticed Pikel
  5715 | D:4      | Killed Pikel
  5715 | D:4      | Reached skill level 9 in Maces & Flails
  5715 | D:4      | Reached skill level 5 in Throwing
  5715 | D:4      | Reached skill level 5 in Dodging
  5715 | D:4      | Reached skill level 1 in Stealth
  6219 | D:5      | Entered Level 5 of the Dungeon
  6222 | D:5      | Reached XP level 9. HP: 92/92 MP: 9/9
  6275 | D:5      | Found an ancient bone altar of Kikubaaqudgha.
  6652 | D:5      | Reached skill level 10 in Maces & Flails
  7190 | D:6      | Found a shadowy altar of Dithmenos.
  7462 | D:6      | You fall through a shaft for 3 floors!
  7588 | D:8      | Reached ***** piety under Trog
  7671 | D:7      | Reached skill level 11 in Maces & Flails
  8380 | D:6      | Found a staircase to the Ecumenical Temple.
  8672 | D:6      | Reached XP level 10. HP: 98/104 MP: 10/10
  8989 | D:6      | Received a gift from Trog
  8992 | D:6      | Got a crude giant club {god gift}
  8993 | D:6      | Identified the +7 giant club of Wondrous Power {crush, rPois rF+ rN+ Dex+3} (Trog gifted it to you on level 6 of the Dungeon)
  9269 | D:7      | Reached skill level 12 in Maces & Flails
  9558 | D:7      | Found a glowing silver altar of Zin.
  9558 | D:7      | Noticed an angel
  9578 | D:7      | Noticed Dowan
  9581 | D:7      | Noticed Duvessa
  9589 | D:7      | Killed Dowan
  9591 | D:7      | Killed Duvessa
  9727 | D:8      | Noticed Xavori's ghost (novice DsCK)
  9736 | D:8      | Killed Xavori's ghost
  9830 | D:8      | Found a staircase to the Lair.
 10078 | D:8      | Found a stormy altar of Qazlal.
 10092 | D:8      | Reached skill level 13 in Maces & Flails
 10826 | Lair:1   | Entered Level 1 of the Lair of Beasts
 10968 | Lair:1   | Noticed a spiny frog
 10980 | Lair:1   | Slain by a spiny frog

Skill      XL: |  1  2  3  4  5  6  7  8  9 10 |
---------------+-------------------------------+-----
Throwing       | 1 2 3 4 5 6 7 |  7.3
Maces & Flails | 5 6 7 9 11 13 | 13.6
Dodging        | 3 4 5 6 |  6.9
Fighting       | 5 6 7 9 |  9.0
Stealth        | 1 2 |  2.2

Action                   |  1- 3 |  4- 6 |  7- 9 | 10-12 || total
-------------------------+-------+-------+-------+-------++-------
Melee: Mace              |   205 |    48 |       |       ||   253
       Morningstar       |       |   179 |   123 |       ||   302
       Giant club        |       |       |   158 |   151 ||   309
Throw: Stone             |    70 |    55 |       |       ||   125
       Javelin           |       |    14 |    55 |     2 ||    71
       Tomahawk          |       |       |     4 |    15 ||    19
Invok: Berserk           |       |     5 |     1 |     2 ||     8
       Trog's Hand       |       |     1 |       |     1 ||     2
       Burn Spellbooks   |       |       |     1 |       ||     1
  Use: Scroll            |     1 |     7 |     3 |     2 ||    13
       Potion            |       |     1 |     7 |     2 ||    10
 Stab: Sleeping          |       |       |     2 |     4 ||     6
  Eat: Chunk             |     3 |    13 |     6 |     9 ||    31
       Meat ration       |       |     1 |     1 |       ||     2
Armor: Animal skin       |    22 |    63 |    63 |    23 ||   171
Dodge: Dodged            |    46 |   119 |   168 |    60 ||   393
Block: Other             |       |       |    10 |     8 ||    18
